 Dungeon Crawl Stone Soup version 0.31-a0-162-gc4c5a43528 (webtiles) character file.

Game seed: 4404617810672909141

303 qw the Shooter (level 6, -4/37 HPs)
             Began as a Gargoyle Hunter on June 12, 2023.
             Slain by an orc
             ... wielding a +0 flail
              (8 damage)
             ... on level 3 of the Dungeon.
             The game lasted 00:00:39 (1614 turns).

qw the Shooter (Gargoyle Hunter)                    Turns: 1614, Time: 00:00:40

Health: -4/37      AC: 12    Str: 15    XL:     6   Next: 38%
Magic:  0/6        EV: 11    Int:  9    God:
Gold:   202        SH:  0    Dex: 15    Spells: 5/5 levels left

rFire   . . .        Y - +1 shortbow
rCold   . . .        (shield currently unavailable)
rNeg    + . .        h - +0 ring mail
rPois   inf          (no helmet)
rElec   +            e - +1 cloak
rCorr   .            (no gloves)
SInv    .            (no boots)
Will    +....        g - amulet of guardian spirit
Stlth   +            d - +4 ring of slaying {mikee}
HPRegen 0.26/turn    (no ring)
MPRegen 0.10/turn

%: guardian spirit
@: enlightened, flying (expiring)
A: sickness immunity, AC +4, negative energy resistance 1, electricity
resistance, torment resistance 1, petrification resistance
a: no special abilities


You were on level 3 of the Dungeon.
You visited 1 branch of the dungeon, and saw 4 of its levels.

You collected 202 gold pieces.


Innate Abilities, Weirdness & Mutations

You are immune to sickness and miasma.
Your stone body is resilient. (AC +4)
You are immune to poison.
You resist negative energy. (rN+)
You are resistant to electric shocks. (rElec)
You are resistant to unholy torment.
You are immune to petrification.


   Skills:
 - Level 3.1 Fighting
 + Level 5.6 Ranged Weapons
 - Level 4.5 Armour
 - Level 1.5 Dodging
 - Level 1.1 Stealth


You had 5 spell levels left.
You didn't know any spells.
Your spell library was empty.

Inventory:

Hand Weapons
 Y - a +1 shortbow (weapon)
Armour
 e - a +1 cloak (worn)
 h - a +0 ring mail (worn)
Jewellery
 d - a +4 ring of slaying (left hand) {mikee}
 g - an amulet of guardian spirit (around neck)
Scrolls
 a - a scroll of identify
Potions
 c - a potion of attraction
 f - a potion of heal wounds
 i - a potion of mutation {unknown}
 k - a potion of cancellation

Dungeon Overview and Level Annotations

Branches:
Dungeon (4/15)
 Temple: D:4-7

Altars:
Cheibriados
Kikubaaqudgha
Qazlal
Vehumet


Message History

You shoot an arrow. The arrow hits the orc!
You kill the orc!
The orc barely misses you. The orc hits you but does no damage.
You shoot an arrow. The arrow hits the orc wizard!
You kill the orc wizard!
The orc barely misses you. The orc priest barely misses you.
The orc barely misses you. The orc hits you but does no damage.
You shoot an arrow. The arrow hits the orc priest!
The orc priest is heavily wounded.
The orc hits you with a +0 short sword of speed.
The orc barely misses you.
The orc priest hits you with a +0 antimagic flail.
You feel your power leaking away.
1611 ||| STAIRDANCE The orc barely misses you.
The orc priest mumbles some strange prayers to Beogh against you.
You resist with some effort. The orc hits you with a +0 flail!
The orc hits you but does no damage.
You fly upwards.
There is a stone staircase leading down here.
Enter note:
Enter note:
Enter note:
Enter note:
Enter note:
Enter note:
Enter note:
Enter note:
Enter note: You shoot an arrow.
The arrow hits the orc priest.
The orc priest is severely wounded.
The orc priest calls down the wrath of Beogh upon you.
Pain shoots through your body! The orc barely misses you. x2
The orc hits you but does no damage.
You shoot an arrow.
The arrow closely misses the orc priest.
You are starting to lose your buoyancy.
The orc priest invokes the aid of Beogh against you.
Beogh smites you! The orc hits you with a +0 flail!
You die...

#.#.####%##..###................#
....# #.##.....................#
..### #.###.##.#####.####......#
#...####.##..##.# #.###.....<.#
#.#...#..#..###.# #.....##.####
#.###...##.## #.# #..#####.#
..##)..###.# #.## #..# #.#
###..#..##.# #o.# ##..# #.#
###.###....# ##@###...# #.# #...#
##.>.# #oo....## #.# ..### #.^#.#
#..###.# ###.# .######.##.# #.##
#.# ##...# .##.....##.## ##.#
#.###..### .##.######..# #..#
#..##.## ### .##.# ##.###..##
##....# #.. ....# #.<##...#
###..######.#
....########.#..#.###...........#


You could see an orc priest and 2 orcs.

Vanquished Creatures
  Sigmund (D:3)
  4 orc wizards
  An adder (D:2)
  A dart slug (D:3)
  4 orcs
  A bat (D:1)
  4 endoplasms (D:2)
  2 giant cockroaches
  3 goblins
  6 hobgoblins
  2 jackals (D:2)
  A quokka (D:2)
  2 ball pythons
  2 frilled lizards
  3 kobolds
  3 rats
40 creatures vanquished.

Notes
Turn   | Place    | Note
-------+----------+-------------------------------------------
     0 | D:1      | qw the Gargoyle Hunter began the quest for the Orb.
     0 | D:1      | Reached XP level 1. HP: 12/12 MP: 1/1
     0 | D:1      | 0 ||| qw: Version: 0.2-a-29-gc1b59c4
     0 | D:1      | 0 ||| qw: Game counter: 4332
     0 | D:1      | 0 ||| qw: Always use a shield: true
     0 | D:1      | 0 ||| qw: God list: Okawaru
     0 | D:1      | 0 ||| qw: Allow faded altars: false
     0 | D:1      | 0 ||| qw: Do Orc after D:15 true
     0 | D:1      | 0 ||| qw: Do second Lair branch before Depths: true
     0 | D:1      | 0 ||| qw: Lair rune preference: random
     0 | D:1      | 0 ||| qw: Plans: Normal, Zot:1-4, Slime:5, God:TSO, Crypt,
                  | Tomb, Abyss, Pan, Hells, Win
     0 | D:1      | 0 ||| PLANNING D:1-11
   161 | D:1      | Reached XP level 2. HP: 17/17 MP: 2/2
   609 | D:1      | 609 ||| UPGRADING to +1 cloak.
   614 | D:1      | 614 ||| UPGRADING to +4 ring of slaying {mikee}.
   615 | D:1      | 615 ||| DRINKING 2 murky purple potions.
   616 | D:1      | 616 ||| DROPPING scroll of butterflies.
   684 | D:2      | Reached skill level 5 in Ranged Weapons
   684 | D:2      | Reached XP level 3. HP: 21/21 MP: 3/3
  1010 | D:2      | 1010 ||| UPGRADING to +0 ring mail.
  1020 | D:2      | 1020 ||| DROPPING +0 leather armour.
  1021 | D:2      | 1021 ||| READING 2 scrolls labelled GOUPRO MIAROODUGG.
  1022 | D:2      | 1022 ||| READING scroll labelled JEUJ CIGUT.
  1023 | D:2      | 1023 ||| DRINKING 2 lumpy cyan potions.
  1078 | D:3      | Found a radiant altar of Vehumet.
  1207 | D:3      | Found an ancient bone altar of Kikubaaqudgha.
  1209 | D:3      | Noticed Sigmund
  1213 | D:3      | 1213 ||| DRINKING potion of curing.
  1213 | D:3      | 1213 ||| (to cure confusion)
  1218 | D:3      | Killed Sigmund
  1219 | D:3      | Reached XP level 4. HP: 23/27 MP: 4/4
  1219 | D:3      | Reached XP level 5. HP: 27/31 MP: 5/5
  1400 | D:3      | Reached skill level 3 in Fighting
  1410 | D:3      | Reached XP level 6. HP: 37/37 MP: 6/6
  1444 | D:3      | Found a snail-covered altar of Cheibriados.
  1510 | D:3      | Found a stormy altar of Qazlal.
  1569 | D:3      | 1569 ||| UPGRADING to amulet of guardian spirit.
  1574 | D:3      | 1574 ||| READING scroll labelled EMERRO CUCIR.
  1575 | D:3      | 1575 ||| READING scroll labelled IVVOELL VAAPA.
  1576 | D:3      | 1576 ||| DRINKING 2 bubbling silvery potions.
  1577 | D:3      | 1577 ||| DRINKING 2 purple potions.
  1578 | D:3      | 1578 ||| READING 3 scrolls of identify.
  1578 | D:3      | 1578 ||| IDENTIFYING fuming pink potion
  1579 | D:3      | 1579 ||| READING 2 scrolls of identify.
  1579 | D:3      | 1579 ||| IDENTIFYING bubbling pink potion
  1580 | D:3      | 1580 ||| DROPPING potion of brilliance.
  1581 | D:3      | 1581 ||| DROPPING potion of enlightenment.
  1611 | D:4      | 1611 ||| STAIRDANCE
  1614 | D:3      | HP: 4/37 [orc priest/divine providence (12)]
  1614 | D:3      | Slain by an orc

Levels and vault maps discovered:
D:1:      dpeg_arrival_pond, layout_loops_ring, minmay_tree_intersection
D:2:      layout_rooms, minmay_misc_feat_nine_boxes
D:3:      layout_rooms, kiku_gazebo_garden_becter, nicolae_vehumet_altar_sigil,
          mainiacjoe_overflow_large_starburst, uniq_sigmund
D:4:      minmay_spotlight, layout_loops_corners, tso_metal_star,
          nicolae_wu_jian_immortal_techniques, uniq_duvessa

Skill      XL: |  1  2  3  4  5 |
---------------+----------------+-----
Ranged Weapons | 5 |  5.6
Armour         | 4 |  4.5
Fighting       | 3 |  3.1
Dodging        | |  1.5
Stealth        | |  1.1

Action                     |  1- 3 |  4- 6 || total
---------------------------+-------+-------++-------
   Fire: Shortbow          |    74 |    48 ||   122
    Use: Potion            |     3 |     2 ||     5
         Scroll            |     2 |     4 ||     6
 Armour: Leather armour    |     2 |       ||     2
         Ring mail         |     4 |    40 ||    44
  Dodge: Dodged            |     8 |    11 ||    19

Table legend:
 A = Non-vault XP
 B = Vault XP
 C = Vault XP percentage of total XP
 D = Non-vault monster count
 E = Vault monster count
 F = Vault count percentage of total count
                 A         B        C        D         E       F
            +---------+---------+-------+---------+---------+-------
      Total |     219 |     214 |  49.4 |      39 |       1 |   2.5
            +---------+---------+-------+---------+---------+-------
        D:1 |      20 |       0 |   0.0 |      12 |       0 |   0.0
        D:2 |      36 |       0 |   0.0 |      14 |       0 |   0.0
        D:3 |     125 |     214 |  63.1 |      11 |       1 |   8.3
        D:4 |      38 |       0 |   0.0 |       2 |       0 |   0.0
            +---------+---------+-------+---------+---------+-------
